 Dungeon Crawl Stone Soup version 0.31-a0-267-g3fc6992b3b (webtiles) character file.

Game seed: 4955094801641684078

107 qw the Shooter (level 4, 0/26 HPs)
             Began as a Gargoyle Hexslinger on July 13, 2023.
             Slain by an iguana (10 damage)
             ... on level 4 of the Dungeon.
             The game lasted 00:00:52 (2631 turns).

qw the Shooter (Gargoyle Hexslinger)                Turns: 2631, Time: 00:00:52

Health: 0/26       AC:  6    Str: 12    XL:     4   Next: 86%
Magic:  5/5        EV: 11    Int: 13    God:
Gold:   112        SH:  0    Dex: 14    Spells: 4/5 levels left

rFire   . . .        Y - +1 sling
rCold   . . .        (no shield)
rNeg    + . .        b - +0 leather armour
rPois   inf          (no helmet)
rElec   +            (no cloak)
rCorr   .            (no gloves)
SInv    .            (no boots)
Will    .....        (no amulet)
Stlth   +            (no ring)
HPRegen 0.24/turn    (no ring)
MPRegen 0.09/turn

%: no passive effects
@: mighty
A: sickness immunity, AC +3, negative energy resistance 1, electricity
resistance, torment resistance 1, petrification resistance
a: no special abilities


You were on level 4 of the Dungeon.
You visited 1 branch of the dungeon, and saw 4 of its levels.

You collected 112 gold pieces.


Innate Abilities, Weirdness & Mutations

You are immune to sickness and miasma.
Your stone body is resilient. (AC +3)
You are immune to poison.
You resist negative energy. (rN+)
You are resistant to electric shocks. (rElec)
You are resistant to unholy torment.
You are immune to petrification.


   Skills:
 - Level 2.0 Fighting
 + Level 4.6 Ranged Weapons
 - Level 1.5 Dodging
 - Level 1.0 Spellcasting
 - Level 2.6 Hexes


You had 4 spell levels left.
You knew the following spells:

 Your Spells              Type           Power      Damage    Failure   Level
a - Slow                  Hex            28%        N/A       12%         1

Your spell library contained the following spells:

 Spells                   Type           Power      Damage    Failure   Level
 Inner Flame              Hex/Fire       4%         N/A       52%         3
 Portal Projectile        Hex/Tloc       8%         N/A       52%         3
 Cause Fear               Hex            3%         N/A       75%         4

Inventory:

Hand Weapons
 Y - a +1 sling (weapon)
Armour
 b - a +0 leather armour (worn)
Scrolls
 a - a scroll of identify
Potions
 d - a potion of curing
 e - a potion of might
 f - a potion of heal wounds {unknown}
 g - a potion of brilliance {unknown}
 h - a potion of haste {unknown}

Dungeon Overview and Level Annotations

Branches:
Dungeon (4/15)
 Temple: D:4-7

Altars:
Dithmenos
Ru


Message History

An iguana comes into view.
You shoot a sling bullet.
The sling bullet barely misses the iguana.
You shoot a sling bullet.
The sling bullet hits the iguana but does no damage.
The iguana bites you.
You shoot a sling bullet. The sling bullet hits the iguana.
The iguana is moderately wounded.
The iguana barely misses you.
You shoot a sling bullet. The sling bullet hits the iguana.
The iguana is heavily wounded.
The iguana bites you!
You shoot a sling bullet.
The sling bullet closely misses the iguana.
The iguana bites you but does no damage.
The iguana barely misses you.
You shoot a sling bullet.
The sling bullet hits the iguana but does no damage.
The iguana is heavily wounded.
The iguana bites you.
You shoot a sling bullet.
The sling bullet hits the iguana but does no damage.
The iguana is heavily wounded.
The iguana barely misses you.
You shoot a sling bullet. The sling bullet hits the iguana.
The iguana is heavily wounded.
The iguana misses you.
You shoot a sling bullet.
The sling bullet barely misses the iguana.
The iguana barely misses you. The iguana bites you.
You shoot a sling bullet.
The sling bullet barely misses the iguana.
The iguana bites you but does no damage.
You shoot a sling bullet. The sling bullet hits the iguana.
The iguana is severely wounded.
The iguana misses you.
You shoot a sling bullet.
The sling bullet barely misses the iguana.
The iguana bites you!
You die...

#### #.# ##...
....# ##... ..#.#
... #.#.# #l#
#.#.# #@# #.#.#
#.# #.#.#####
#.########.#<.....
#............#####
##########.#......
#....#<#####
#.##........
#......#####
####.###


You could see an iguana.

Vanquished Creatures
  4 gnolls (D:2)
  An adder (D:2)
  A worm (D:3)
  2 dart slugs (D:1)
  2 ball pythons
  4 endoplasms
  4 giant cockroaches
  5 goblins
  3 hobgoblins
  6 quokkas
  6 bats
  4 frilled lizards
  5 kobolds
  5 rats
52 creatures vanquished.

Notes
Turn   | Place    | Note
-------+----------+-------------------------------------------
     0 | D:1      | qw the Gargoyle Hexslinger began the quest for the Orb.
     0 | D:1      | Reached XP level 1. HP: 12/12 MP: 2/2
     0 | D:1      | 0 ||| qw: Version: 0.3-a-52-g30416fa
     0 | D:1      | 0 ||| qw: Game counter: 7734
     0 | D:1      | 0 ||| qw: Melee chars always use a shield: true
     0 | D:1      | 0 ||| qw: God list: Okawaru
     0 | D:1      | 0 ||| qw: Allow faded altars: false
     0 | D:1      | 0 ||| qw: Do Orc after clearing Dungeon:15 true
     0 | D:1      | 0 ||| qw: Do second Lair branch before Depths: true
     0 | D:1      | 0 ||| qw: Lair rune preference: random
     0 | D:1      | 0 ||| qw: Goals: Normal
     0 | D:1      | 0 ||| PLANNING D:1-11
    60 | D:1      | Reached XP level 2. HP: 16/16 MP: 3/3
   254 | D:1      | Reached skill level 3 in Ranged Weapons
   522 | D:1      | Reached XP level 3. HP: 21/21 MP: 4/4
   864 | D:1      | 864 ||| READING 2 scrolls labelled LOCSAH ZUORYFUAJA.
   867 | D:1      | 867 ||| READING scroll labelled ETID PIETRAM.
   868 | D:1      | 868 ||| READING scroll labelled ONEXATR XUSOD.
   869 | D:1      | 869 ||| READING scroll labelled KAEHUROUZ.
   870 | D:1      | 870 ||| DROPPING scroll of poison.
   903 | D:2      | Found a shadowy altar of Dithmenos.
  1314 | D:2      | 1314 ||| Stepping ~*~*~tactically~*~*~ (outnumbered).
  1316 | D:2      | 1316 ||| Stepping ~*~*~tactically~*~*~ (outnumbered).
  1320 | D:2      | 1320 ||| Stepping ~*~*~tactically~*~*~ (outnumbered).
  1326 | D:2      | Reached XP level 4. HP: 20/26 MP: 5/5
  1330 | D:2      | Reached skill level 4 in Ranged Weapons
  1341 | D:2      | HP: 6/26 [gnoll/+0 spear (4)]
  1342 | D:2      | 1342 ||| READING scroll of teleportation.
  1342 | D:2      | HP: 2/26 [gnoll/+0 spear (4)]
  1631 | D:2      | 1631 ||| READING scroll labelled KUFAFE CADUERA.
  1632 | D:2      | 1632 ||| READING scroll labelled LUGAUVOPORPH.
  2512 | D:3      | Found a sacrificial altar of Ru.
  2578 | D:3      | 2578 ||| UPGRADING to +0 leather armour.
  2588 | D:3      | 2588 ||| DROPPING +0 robe.
  2589 | D:3      | 2589 ||| DRINKING 2 fizzy golden potions.
  2590 | D:3      | 2590 ||| READING 2 scrolls of identify.
  2590 | D:3      | 2590 ||| IDENTIFYING sapphire potion
  2631 | D:4      | Slain by an iguana

Levels and vault maps discovered:
D:1:      dpeg_arrival_round_b, layout_loops_corners,
          chequers_serial_rivers_small_a, kennysheep_another_room
D:2:      layout_rooms, basic_altar, nicolae_hexahallways
D:3:      layout_basic, nicolae_ru_path_of_blood,
          wander_ebering_terrifying_dragon_lair
D:4:      gammafunk_steamed_eel, layout_basic, minmay_temple_entry_grid,
          minmay_fractal_squares_5

Skill      XL: |  1  2  3  4 |
---------------+-------------+-----
Ranged Weapons | 3 4 |  4.6
Fighting       | 2 |  2.0
Dodging        | |  1.5
Spellcasting   | |  1.0
Hexes          | |  2.6

Action                     |  1- 3 |  4- 6 || total
---------------------------+-------+-------++-------
   Fire: Sling             |   115 |    63 ||   178
    Use: Scroll            |     4 |     4 ||     8
         Potion            |       |     1 ||     1
 Armour: Robe              |    16 |     5 ||    21
         Leather armour    |       |     2 ||     2
  Dodge: Dodged            |    32 |    22 ||    54

Table legend:
 A = Non-vault XP
 B = Vault XP
 C = Vault XP percentage of total XP
 D = Non-vault monster count
 E = Vault monster count
 F = Vault count percentage of total count
                 A         B        C        D         E       F
            +---------+---------+-------+---------+---------+-------
      Total |     153 |       1 |   0.6 |      51 |       1 |   1.9
            +---------+---------+-------+---------+---------+-------
        D:1 |      41 |       0 |   0.0 |      22 |       0 |   0.0
        D:2 |      93 |       0 |   0.0 |      20 |       0 |   0.0
        D:3 |      19 |       1 |   5.0 |       9 |       1 |  10.0
            +---------+---------+-------+---------+---------+-------
